 Dungeon Crawl Stone Soup version 0.30-b1-2-g02819fbbbe (webtiles) character file.

Game seed: 14706599751799806209

(classic levelgen) 41 EnegeticOcto the Covered (level 3, 33/33 HPs)
             Began as a Minotaur Fighter on May 8, 2023.
             Was a Plaything of Xom.
             Quit the game on level 2 of the Dungeon.
             The game lasted 00:00:29 (560 turns).

EnegeticOcto the Covered (Minotaur Fighter)          Turns: 560, Time: 00:00:30

Health: 33/33      AC:  9    Str: 22    XL:     3   Next: 32%
Magic:  2/2        EV:  8    Int:  5    God:    Xom [..*...]
Gold:   78         SH:  4    Dex:  9    Spells: 2/2 levels left

rFire   . . .        a - +0 war axe
rCold   . . .        c - +0 buckler
rNeg    . . .        f - +0 chain mail
rPois   .            (helmet restricted)
rElec   .            (no cloak)
rCorr   .            (no gloves)
SInv    .            (no boots)
Will    .....        (no amulet) Stlth
                     (no ring)
HPRegen 0.25/turn    (no ring)
MPRegen 0.08/turn

%: no passive effects
@: no status effects
A: horns 2, retaliatory headbutt
a: Renounce Religion


You were on level 2 of the Dungeon.
You worshipped Xom.
You were a toy of Xom.
You visited 1 branch of the dungeon, and saw 2 of its levels.

You collected 78 gold pieces.

Inventory:

Hand Weapons
 a - a +0 war axe (weapon)
Armour
 b - a +0 scale mail
 c - a +0 buckler (worn)
 f - a +0 chain mail (worn)
   (You found it on level 1 of the Dungeon)
Scrolls
 g - a scroll of torment {unknown}
 h - a scroll of magic mapping {unknown}
 i - a scroll of identify {unknown}
Potions
 d - a potion of might {@q3}
 e - a potion of magic {unknown}


   Skills:
 + Level 4.0 Fighting
 * Level 3.5 Axes
 + Level 4.0 Armour
 + Level 4.0 Shields


You had 2 spell levels left.
You didn't know any spells.
Your spell library was empty.

Dungeon Overview and Level Annotations

Branches:
Dungeon (2/15)

Altars:
Xom


Innate Abilities, Weirdness & Mutations

You have a pair of horns on your head.
You reflexively headbutt those who attack you in melee.


Message History

You miss the bat. The bat hits you but does no damage.
You barely miss the bat. The bat hits you but does no damage.
The bat hits you but does no damage. The bat hits you.
A bat is nearby!
A bat is nearby!
The bat closely misses you. You furiously retaliate!
You headbutt the bat!
You kill the bat!
No target in view!
No target in view!
No target in view!
No target in view!
No target in view!
You see here a bat corpse.
Things that are here:
a +0 whip; a gnoll skeleton You see here a quokka skeleton.
A goblin comes into view. It is wielding a +0 club.
The goblin shouts!
A goblin is nearby!
A goblin is nearby!
A goblin is nearby!
A goblin is nearby!
You barely miss the goblin. You block the goblin's attack.
You hit the goblin. Your headbutt misses the goblin.
The goblin is severely wounded.
The goblin closely misses you. You furiously retaliate!
You headbutt the goblin.
You kill the goblin!
No target in view!
No target in view!
No target in view!
No target in view!
No target in view!
You see here a +0 club.
You see here a +0 club.
You now have 68 gold pieces (gained 16).
You enter the shallow water.
Moving in this stuff is going to be slow.
You now have 78 gold pieces (gained 10).
A giant cockroach and a goblin come into view.
The goblin shouts!
Found 4 boomerangs.
The giant cockroach bites you but does no damage.
You hit the giant cockroach but do no damage.
You slash the plant!
The plant begins to die.
You hit the plant.
The plant begins to die.
The giant cockroach bites you but does no damage.
The giant cockroach waves its antennae.
The giant cockroach barely misses you.
You closely miss the goblin. You hit the giant cockroach.
You slash the plant! x2
The giant cockroach bites you but does no damage.
The goblin barely misses you. You furiously retaliate!
You headbutt the goblin!
You kill the goblin!
You hear a splash.
You slash the giant cockroach!
You kill the giant cockroach!
You hit the plant but do no damage. You hit the plant.
A nearby plant withers and dies.
No target in view!
No target in view!
No target in view!
No target in view!
No target in view!
A nearby plant withers and dies.
Done exploring.
Done exploring.
No target in view!
No target in view!
No target in view!
No target in view!
No target in view!
Done exploring.
(D) Dungeon
Where to? (? - help)
You enter the shallow water.
Moving in this stuff is going to be slow.
There is a stone staircase leading down here.
You climb downwards.
Found a faded altar of an unknown god.
There is a stone staircase leading up here.
Done exploring.
Done exploring.
Done exploring.
No target in view!
No target in view!
No target in view!
No target in view!
No target in view!
No target in view!
There is a faded altar of an unknown god here.
This altar belongs to (a) Xom, (b) Gozag or (c) Dithmenos, but you can't tell which.
Press the corresponding letter to learn more about a god, or press enter to convert or escape to cancel.
Okay, then.
There is a stone staircase leading up here.
There is a faded altar of an unknown god here.
This altar belongs to (a) Xom, (b) Gozag or (c) Dithmenos, but you can't tell which.
Press the corresponding letter to learn more about a god, or press enter to convert or escape to cancel.
Xom accepts your prayer! Xom welcomes you!
Xom is intrigued!
Are you sure you want to abandon this character and quit the game? (Confirm with "yes".)

# #. #.. .. #
#.#######.#
#.#.....#.#
#.#.<.@.#.#
#.#.....#.#
#....#######.#
..## # .


There were no monsters in sight!

Vanquished Creatures
  A gnoll (D:1)
  2 dart slugs (D:1)
  2 ball pythons (D:1)
  3 bats (D:1)
  An endoplasm (D:1)
  A giant cockroach (D:1)
  3 goblins (D:1)
  3 hobgoblins (D:1)
  2 jackals (D:1)
  A quokka (D:1)
  3 kobolds (D:1)
  A rat (D:1)
23 creatures vanquished.

Vanquished Creatures (others)
  2 plants (D:1)
2 creatures vanquished.

Grand Total: 25 creatures vanquished

Notes
Turn   | Place    | Note
-------+----------+-------------------------------------------
     0 | D:1      | EnegeticOcto the Minotaur Fighter began the quest for the
                  | Orb.
     0 | D:1      | Reached XP level 1. HP: 19/19 MP: 0/0
   115 | D:1      | Reached XP level 2. HP: 24/27 MP: 1/1
   302 | D:1      | Reached XP level 3. HP: 33/33 MP: 2/2
   552 | D:2      | Found a faded altar of an unknown god.
   559 | D:2      | Prayed at the altar of an unknown god.
   559 | D:2      | Became a worshipper of Xom the Capricious
   560 | D:2      | Quit the game

Illustrated notes

Levels and vault maps discovered:
D:1:      lemuel_arrival_tunnels, layout_rooms, serial_bayou_lagoon_a
D:2:      minmay_razor_zed, layout_basic, nicolae_ecumenical_oubliette,
          serial_glass, glass_columns_b, glass_columns_a, glass_columns_a,
          glass_columns_c, glass_columns_a, glass_columns_a,
          kennysheep_cross_room, uniq_robin

Skill      XL: |  1  2  3 |
---------------+----------+-----
Axes           | 3 |  3.5
Fighting       | 4 |  4.0
Armour         | 4 |  4.0
Shields        | 4 |  4.0

Action                     || total
---------------------------++-------
  Melee: War axe           ||    48
         Headbutt          ||     6
 Armour: Scale mail        ||     5
         Chain mail        ||    35
  Dodge: Dodged            ||    20
  Block: Buckler           ||    11
